 Dungeon Crawl Stone Soup version 0.27.0-1-g7a089689b8 (webtiles) character file.

Game seed: 8420881041777911921

822 mhtbhm the Chopper (level 7, 0/60 HPs)
             Began as a Minotaur Fighter on Aug 2, 2021.
             Slain by an orc wizard (2 damage)
             ... on level 5 of the Dungeon.
             The game lasted 00:04:43 (3530 turns).

mhtbhm the Chopper (Minotaur Fighter)               Turns: 3530, Time: 00:04:45

Health: 0/60       AC:  9    Str: 23    XL:     7   Next: 63%
Magic:  6/6        EV: 12    Int:  5    God:
Gold:   243        SH: 10    Dex:  9    Spells: 6/6 levels left

rFire    . . .     SeeInvis .   a - +0 war axe
rCold    . . .     Faith    .   c - +0 kite shield
rNeg     . . .     Spirit   .   b - +0 scale mail
rPois    .         Reflect  .   (helmet restricted)
rElec    .         Harm     .   p - +0 cloak
rCorr    .         Rampage  .   o - +0 pair of gloves
Will     +....                  (no boots)
Stlth    ..........             m - amulet of regeneration
HPRegen  1.20/turn              h - +4 ring of evasion
MPRegen  0.10/turn              j - ring of willpower

@: no status effects
A: horns 2, retaliatory headbutt
a: no special abilities


You were on level 5 of the Dungeon.
You visited 1 branch of the dungeon, and saw 5 of its levels.

You collected 243 gold pieces.

Inventory:

Hand Weapons
 a - a +0 war axe (weapon)
Armour
 b - a +0 scale mail (worn)
 c - a +0 kite shield (worn)
 o - a +0 pair of gloves (worn)
 p - a +0 cloak (worn)
Jewellery
 h - a +4 ring of evasion (left hand)
 j - a ring of willpower (right hand)
 m - an amulet of regeneration (around neck)
 t - a ring of protection from cold
Wands
 n - a wand of flame (23)
 x - a wand of acid (9)
Scrolls
 e - a scroll of teleportation
 g - 2 scrolls of fear
 k - a scroll of fog
 l - a scroll of vulnerability {unknown}
 q - a scroll of enchant armour {unknown}
 r - 2 scrolls of torment {unknown}
 w - a scroll of acquirement {unknown}
Potions
 d - a potion of might
 f - a potion of degeneration {unknown}
 i - 5 potions of curing {unknown}
 s - a potion of heal wounds {unknown}
 u - a potion of flight {unknown}
 v - a potion of resistance {unknown}


   Skills:
 + Level 4.9 Fighting
 + Level 7.1 Axes
 + Level 5.4 Armour
 + Level 2.8 Dodging
 + Level 0.2 Stealth
 + Level 5.8 Shields


You had 6 spell levels left.
You didn't know any spells.
Your spell library contained the following spells:

 Spells                   Type           Power      Damage    Failure   Level
 Animate Skeleton         Necr           0%         N/A       99%         1
 Beastly Appendage        Tmut           0%         N/A       99%         1
 Pain                     Necr           0%         1d4       99%         1
 Shock                    Conj/Air       0%         1d3       99%         1
 Slow                     Hex            0%         N/A       99%         2
 Wereblood                Tmut           0%         N/A       99%         2
 Confusing Touch          Hex            0%         N/A       100%        3
 Spider Form              Tmut/Pois      0%         N/A       100%        3
 Swiftness                Air            0%         N/A       100%        3
 Tukima's Dance           Hex            0%         N/A       100%        3
 Vampiric Draining        Necr           0%         2d6       100%        3
 Airstrike                Air            0%         N/A       100%        4
 Passage of Golubria      Tloc           N/A        N/A       100%        4
 Yara's Violent Unravell  Hex/Tmut       0%         3d3       100%        5


Dungeon Overview and Level Annotations

Branches:
Dungeon (5/15)
 Temple: D:4-7

Altars:
Ashenzari
Dithmenos
Fedhas
Trog
The Shining One


Innate Abilities, Weirdness & Mutations

You have a pair of horns on your head.
You reflexively headbutt those who attack you in melee.


Message History

The orc hits you but does no damage. The orc warrior barely misses you.
You closely miss the orc warrior.
The orc warrior is moderately wounded.
You hit the orc. You hit the orc but do no damage. You block the orc's attack.
You block the orc warrior's attack.
You hit the orc warrior. You headbutt the orc warrior.
The orc warrior is heavily wounded.
You barely miss the orc. You hit the orc. You slash the orc priest!
The orc barely misses you. x2; You furiously retaliate!
You headbutt the orc.
You kill the orc!
You block the orc warrior's attack.
The orc priest mumbles some strange prayers to Beogh against you.
Beogh smites you! You block the orc's attack.
You hit the orc priest.
The orc priest is almost dead.
You closely miss the orc. You closely miss the orc warrior.
The orc wizard gestures wildly while chanting.
The orc wizard flickers and vanishes!
Deactivating autopickup; reactivate with Ctrl-A.
You block the orc warrior's attack.
The orc priest invokes the aid of Beogh against you.
Pain shoots through your body!
* * * LOW HITPOINT WARNING * * *
The orc misses you. You furiously retaliate!
You headbutt the orc!
You kill the orc!
You hit the orc priest but do no damage.
The orc priest is almost dead.
Your shield prevents you from hitting the orc warrior.
You block the orc priest's attack. The orc warrior closely misses you.
You furiously retaliate!
You headbutt the orc warrior!
The orc priest hits you with a +0 falchion.
* * * LOW HITPOINT WARNING * * *
Unknown command.
You slash the orc priest!
You kill the orc priest!
You hit the orc warrior but do no damage.
The orc warrior hits you with a +0 short sword!
* * * LOW HITPOINT WARNING * * *
Something hits you.
You die...

##.###.#..........# #.#
#.###
.#.###.#####......# #.#
#.... .#.....# #..<...#
#.######## .#######
##......# ####.........
.#
#.......##.............
.#
#.................##...
.#
#..#.##########....#.#.
.# #..#..### #....#.#.
## #..##)@o# #......#.
#.. ##)...# #.#.####.
#. (#..(# #)#.#.... ##
(#8.$. #.#.#....
..8.#.##........ $...#
##.#.##### ...##
#...#...)
.#######.####.##
.............#.


You could see an orc warrior.

Vanquished Creatures
  A black bear (D:4)
  An ogre (D:5)
  A phantom (D:5)
  3 jellies (D:5)
  5 hounds
  An orc priest (D:5)
  2 orc wizards (D:5)
  An iguana (D:5)
  10 gnolls
  A howler monkey skeleton (D:4)
  4 adders
  A shadow imp (D:5)
  An ufetubus (D:5)
  An adder skeleton (D:5)
  2 worms (D:2)
  3 dart slugs
  8 orcs (D:5)
  6 ball pythons
  6 bats
  7 endoplasms
  7 giant cockroaches
  8 goblins
  6 hobgoblins
  2 jackals (D:3)
  7 quokkas
  5 frilled lizards
  6 kobolds
  4 rats
110 creatures vanquished.

Notes
Turn   | Place    | Note
-------+----------+-------------------------------------------
     0 | D:1      | mhtbhm the Minotaur Fighter began the quest for the Orb.
     0 | D:1      | Reached XP level 1. HP: 19/19 MP: 0/0
   172 | D:1      | Reached XP level 2. HP: 21/27 MP: 1/1
   726 | D:1      | Reached skill level 3 in Axes
   770 | D:1      | Reached XP level 3. HP: 30/33 MP: 2/2
  1276 | D:2      | Reached skill level 1 in Dodging
  1276 | D:2      | Reached XP level 4. HP: 26/40 MP: 3/3
  1736 | D:3      | Reached skill level 4 in Axes
  1736 | D:3      | Reached XP level 5. HP: 36/46 MP: 4/4
  2242 | D:4      | Noticed a black bear
  2249 | D:4      | Killed a black bear
  2250 | D:4      | Reached skill level 5 in Axes
  2250 | D:4      | Reached XP level 6. HP: 34/53 MP: 5/5
  2307 | D:4      | Reached skill level 5 in Shields
  2427 | D:4      | Found a bloodstained altar of Trog.
  2549 | D:4      | Found a broken altar of Ashenzari.
  2692 | D:4      | Found a shadowy altar of Dithmenos.
  2697 | D:4      | Found a blossoming altar of Fedhas.
  2986 | D:5      | Entered Level 5 of the Dungeon
  3041 | D:5      | Reached skill level 6 in Axes
  3057 | D:5      | Reached skill level 5 in Armour
  3057 | D:5      | Reached XP level 7. HP: 55/60 MP: 6/6
  3121 | D:5      | Found a glowing golden altar of the Shining One.
  3210 | D:5      | Reached skill level 7 in Axes
  3530 | D:5      | HP: 2/60 [orc warrior (10)]
  3530 | D:5      | Slain by an orc wizard

Illustrated notes

Levels and vault maps discovered:
D:1:      lightli_arrival_quake, layout_loops_cross
D:2:      layout_rooms
D:3:      layout_basic, bh_walls_and_bars
D:4:      layout_loops_ring, lemuel_tele_altar, cheibrodos_ashenzari_chains,
          nicolae_overflow_hidden_temple
D:5:      layout_basic, tso_oasis_becter, guppyfry_early_orc_mine

Skill      XL: |  1  2  3  4  5  6  7 |
---------------+----------------------+-----
Shields        | 4 5 |  5.8
Axes           | 3 4 5 6 7 |  7.1
Fighting       | 4 |  4.9
Armour         | 4 5 |  5.4
Dodging        | 1 2 |  2.8
Stealth        | |  0.2

Action                   |  1- 3 |  4- 6 |  7- 9 || total
-------------------------+-------+-------+-------++-------
Melee: War axe           |    93 |   123 |    53 ||   269
       Headbutt          |    14 |    26 |    14 ||    54
Evoke: Wand              |       |       |     1 ||     1
  Use: Scroll            |       |     3 |       ||     3
Armor: Scale mail        |    51 |    39 |    15 ||   105
Dodge: Dodged            |    44 |    64 |    24 ||   132
Block: Kite shield       |    56 |    82 |    22 ||   160
